 Dungeon Crawl Stone Soup version 0.28.0-53-g5a82cb258f (webtiles) character file.

Game seed: 9315364114938293917

34664 Peloso the Fencer (level 13, -1/122 HPs)
             Began as a Minotaur Fighter on July 8, 2022.
             Was the Champion of Okawaru.
             Slain by a death knight
             ... wielding a +0 halberd
              (18 damage)
             ... on level 12 of the Dungeon.
             The game lasted 00:27:04 (19303 turns).

Peloso the Fencer (Minotaur Fighter)               Turns: 19303, Time: 00:27:05

Health: -1/122     AC: 23    Str: 24    XL:     13   Next: 43%
Magic:  13/13      EV:  9    Int:  5    God:    Okawaru [******]
Gold:   894        SH:  7    Dex: 18    Spells: 12/12 levels left

rFire   . . .      SeeInvis +   b - +3 scimitar (flame)
rCold   . . .      Faith    .   c - +0 buckler
rNeg    . . .      Spirit   .   q - +0 plate armour
rPois   .          Reflect  .   (helmet restricted)
rElec   .          Harm     .   N - +1 cloak
rCorr   .          Rampage  .   l - +2 pair of gloves
Will    .....                   (no boots)
Stlth   ..........              (no amulet)
HPRegen 0.30/turn               D - +6 ring of dexterity
MPRegen 0.13/turn               x - ring of see invisible

@: about to teleport, slowed, very slow
A: horns 2, retaliatory headbutt
a: Renounce Religion, Heroism, Finesse, Duel


You were on level 12 of the Dungeon.
You worshipped Okawaru.
Okawaru was exalted by your worship.
You visited 3 branches of the dungeon, and saw 17 of its levels.
You also visited: Ossuary.

You collected 894 gold pieces.

Inventory:

Hand Weapons
 a - a +4 long sword of freezing
 b - a +3 scimitar of flaming (weapon)
Missiles
 C - 2 throwing nets (quivered)
Armour
 c - a +0 buckler (worn)
 i - a +1 chain mail
 l - a +2 pair of gloves (worn)
 q - a +0 plate armour (worn)
 N - a +1 cloak (worn)
 P - the +6 chain mail "Cigaph" {rPois rC- Dex+4 Stlth+}
   (You found it on level 4 of the Lair of Beasts)

   Dex:       It affects your dexterity (+4).
   rC:        It makes you vulnerable to cold.
   rPois:     It protects you from poison.
   Stlth:     It makes you more stealthy.
Jewellery
 x - a ring of see invisible (right hand)
 z - an amulet of the acrobat
 D - a +6 ring of dexterity (left hand)
 F - a ring of wizardry
 L - a ring of flight
 M - the amulet of Jufy {Spirit Int+4}
   (You found it on level 3 of the Lair of Beasts)

   [amulet of guardian spirit]

   It causes incoming damage to be divided between your reserves of health and
   magic.
   Int:       It affects your intelligence (+4).
 Q - a ring of magical power
Wands
 y - a wand of iceblast (11)
 H - a wand of flame (2)
 I - a wand of paralysis (5)
 K - a wand of polymorph (7)
Scrolls
 e - 3 scrolls of amnesia
 f - 3 scrolls of teleportation
 g - 7 scrolls of enchant weapon
 m - 3 scrolls of summoning
 o - a scroll of noise
 p - 5 scrolls of enchant armour
 s - 2 scrolls of fear
 t - 4 scrolls of magic mapping {unknown}
 v - 2 scrolls of blinking
 B - 2 scrolls of fog {unknown}
 E - 6 scrolls of identify
 G - a scroll of torment {unknown}
 J - a scroll of silence {unknown}
 O - a scroll of immolation {unknown}
Potions
 d - a potion of might
 h - 2 potions of magic
 j - 2 potions of heal wounds
 k - 2 potions of cancellation
 n - 9 potions of curing
 r - 3 potions of brilliance {unknown}
 u - 5 potions of mutation
 w - a potion of berserk rage {unknown}
 A - 2 potions of resistance {unknown}


   Skills:
 + Level 13.6 Fighting
 + Level 1.8(9.6) Short Blades
 + Level 15.8 Long Blades
 + Level 15.3 Armour
 + Level 3.4 Dodging
 + Level 1.8 Stealth
 + Level 10.4 Shields
 + Level 2.2 Invocations


You had 12 spell levels left.
You didn't know any spells.
Your spell library contained the following spells:

 Spells                   Type           Power      Damage    Failure   Level
 Apportation              Tloc           0%         N/A       99%         1
 Foxfire                  Conj/Fire      0%         2x1d4     99%         1
 Freeze                   Ice            0%         1d3       99%         1
 Sublimation of Blood     Necr           0%         N/A       100%        2
 Conjure Flame            Conj/Fire      0%         6-21      100%        3
 Frozen Ramparts          Ice            0%         1d2       100%        3
 Ignite Poison            Fire/Tmut/Pois 0%         N/A       100%        3
 Inner Flame              Hex/Fire       0%         N/A       100%        3
 Stone Arrow              Conj/Erth      0%         3d7       100%        3
 Airstrike                Air            0%         N/A       100%        4
 Flame Wave               Conj/Fire      0%         2d4       100%        4
 Hailstorm                Conj/Ice       0%         3d3       100%        4
 Petrify                  Tmut/Erth      0%         N/A       100%        4
 Sticky Flame             Conj/Fire      0%         2d3       100%        4
 Alistair's Intoxication  Tmut/Pois      0%         N/A       100%        5
 Irradiate                Conj/Tmut      0%         3d13      100%        5
 Lightning Bolt           Conj/Air       0%         1d11      100%        5
 Lehudib's Crystal Spear  Conj/Erth      0%         10d2      100%        8
 Animate Armour           Summ/Erth      Unusable   N/A       N/A         4
 Summon Lightning Spire   Summ/Air       Unusable   N/A       N/A         4

Dungeon Overview and Level Annotations

Branches:
Dungeon (12/15)            Temple (1/1) D:6            Lair (4/6) D:8
  Swamp (0/4) Lair:4       Spider (0/4) Lair:3          Orc (0/2) D:9
Ossuary (visited)

Altars:
Ashenzari
Cheibriados
Dithmenos
Elyvilon
Fedhas
Gozag
Hepliaklqana
Kikubaaqudgha
Makhleb
Nemelex Xobeh
Okawaru
Qazlal
Ru
Sif Muna
Trog
Uskayaw
Vehumet
Wu Jian
Xom
Yredelemnul
Zin
The Shining One

Annotations:
D:2 1 runed translucent door, Crazy Yiuf


Innate Abilities, Weirdness & Mutations

You have a pair of horns on your head.
You reflexively headbutt those who attack you in melee.


Message History

The wraith hits you but does no damage.
The howler monkey hoots and howls with incredible vigour!
A phantasmal warrior comes into view.
You hit the wraith. You burn the wraith.
You destroy the wraith!
Okawaru accepts your kill.
You slash the howler monkey! You burn the howler monkey.
You kill the howler monkey!
Okawaru accepts your kill.
The gargoyle hurls a stone arrow at you.
The stone arrow hits you!
The death knight hits you from afar with a +0 halberd!
The gargoyle hurls a stone arrow at you.
You block the stone arrow.
The death knight mumbles some strange prayers to Yredelemnul against you.
Your body is wracked with pain!
* * * LOW HITPOINT WARNING * * *
The gargoyle closely misses you.
You see here a howler monkey corpse.
The phantasmal warrior gestures at you.
The phantasmal warrior blinks!
The death knight barely misses you.
The death knight hits you but does no damage.
There is an open door, spattered with blood here.
As you read the scroll of teleportation, it crumbles to dust.
You feel strangely unstable. The gargoyle completely misses you.
The phantasmal warrior gestures at you.
The phantasmal warrior blinks!
The death knight hits you from afar with a +0 halberd!!
* * * LOW HITPOINT WARNING * * *
The gargoyle barely misses you. You furiously retaliate!
You headbutt the gargoyle, but do no damage.
You feel much better.
The death knight hits you from afar with a +0 halberd.
* * * LOW HITPOINT WARNING * * *
The gargoyle hits you with a +0 morningstar!
* * * LOW HITPOINT WARNING * * *
The phantasmal warrior hits you.
* * * LOW HITPOINT WARNING * * *
The death knight hits you from afar with a +0 halberd!!
You die...

.....#
######........#
.....#
#........######
)....#
#........#
######
#........#
#######..###
#.......#
#(...§..#
#....W..#
######@## ##
#9## #≈# #cp#
#≈# ##.##≈#
#..≈# #.≈##
#.## #..# ≈†..#


You could see a death knight, a centaur warrior, a phantasmal warrior and a
gargoyle.

Vanquished Creatures
  The ghost of babelonianboi the Severer, a journeyman HOBe of Trog (Lair:4)
  2 hydras
  Erica (Lair:1)
  3 centaur warriors
  8 death yaks
  5 two-headed ogres
  2 cyclopes
  A manticore (D:10)
  6 elephants (Lair:2)
  2 black mambas
  A torpor snail (shapeshifter) (D:10)
  A torpor snail (Lair:2)
  5 cane toads
  An unseen horror (D:10)
  3 kobold demonologists
  A demonic crawler (Lair:3)
  A rime drake (Lair:2)
  A freezing wraith (D:12)
  2 trolls
  2 polar bears
  5 blink frogs (Lair:3)
  A hornet (D:8)
  2 tyrant leeches (Lair:4)
  2 dream sheep (Lair:2)
  2 shadows
  2 wyverns
  A wraith (D:12)
  19 yaks
  A basilisk (Lair:4)
  2 steam dragons (D:9)
  5 vampire mosquitoes
  Menkaure (Ossuary)
  Edmund (D:4)
  A swamp worm (Lair:4)
  6 water moccasins
  6 orc warriors
  3 black bears
  3 necrophages
  5 centaurs
  2 ogres (D:6)
  6 wolves (Lair:4)
  Blork the orc (D:4)
  3 kobold brigands (D:9)
  6 bullfrogs
  4 scorpions
  A wyvern zombie (D:7)
  A gnoll sergeant (D:10)
  A water moccasin zombie (D:5)
  2 wyvern skeletons
  9 killer bees
  9 wights
  3 howler monkeys
  An electric eel (D:12)
  11 centaur zombies
  2 hounds
  2 jellies (D:5)
  3 gnoll shamans
  4 orc priests
  A bullfrog skeleton (D:6)
  Jessica (D:2)
  Terence (D:2)
  8 orc wizards
  4 iguanas
  4 hell rats (Lair:4)
  A killer bee zombie (D:8)
  A hound skeleton (D:5)
  2 howler monkey zombies
  3 mummies (Ossuary)
  13 gnolls
  A howler monkey skeleton (D:5)
  4 adders
  2 white imps
  An ufetubus (D:6)
  2 worms (Lair:3)
  3 dart slugs
  49 orcs
  4 endoplasms
  4 giant cockroaches
  5 gnoll zombies (Ossuary)
  5 hobgoblins
  3 jackals (D:3)
  10 kobolds
  3 quokkas
  2 ball pythons (D:4)
  4 bats
  3 frilled lizards
  5 gnoll skeletons (Ossuary)
  7 goblins
  4 goblin skeletons (Ossuary)
  4 goblin zombies (Ossuary)
  5 hobgoblin skeletons (Ossuary)
  A hobgoblin zombie (Ossuary)
  4 kobold zombies (Ossuary)
  6 orc skeletons (Ossuary)
  5 orc zombies (Ossuary)
  9 rats
  5 rat skeletons (Ossuary)
  6 rat zombies (Ossuary)
  A bush (Lair:4)
394 creatures vanquished.

Vanquished Creatures (others)
  An orc wizard (D:9)
  An orc (D:9)
  3 bushes (D:10)
  17 fungi
  44 plants
  2 withered plants (Lair:4)
68 creatures vanquished.

Grand Total: 462 creatures vanquished

Notes
Turn   | Place    | Note
-------+----------+-------------------------------------------
     0 | D:1      | Peloso the Minotaur Fighter began the quest for the Orb.
     0 | D:1      | Reached XP level 1. HP: 19/19 MP: 0/0
   287 | D:1      | Reached XP level 2. HP: 27/27 MP: 1/1
   744 | D:2      | Noticed Jessica
   751 | D:2      | Killed Jessica
   752 | D:2      | Reached XP level 3. HP: 33/33 MP: 2/2
  1148 | D:2      | Noticed Terence
  1155 | D:2      | Killed Terence
  1156 | D:2      | Reached XP level 4. HP: 40/40 MP: 3/3
  1305 | D:2      | Found a runed translucent door.
  1306 | D:2      | Noticed Crazy Yiuf
  1978 | D:3      | Reached XP level 5. HP: 39/47 MP: 4/4
  2800 | D:4      | Reached skill level 5 in Long Blades
  2815 | D:4      | Reached skill level 5 in Armour
  2838 | D:4      | Noticed Blork the orc
  2852 | D:4      | Killed Blork the orc
  2853 | D:4      | Reached skill level 1 in Dodging
  2853 | D:4      | Reached XP level 6. HP: 7/53 MP: 5/5
  2913 | D:4      | Found a sand-covered staircase.
  3032 | Ossuary  | Entered an ossuary
  3449 | Ossuary  | Noticed Menkaure
  3461 | Ossuary  | Killed Menkaure
  3462 | Ossuary  | Reached skill level 5 in Fighting
  3467 | Ossuary  | Reached XP level 7. HP: 35/61 MP: 6/6
  4228 | D:4      | Noticed Edmund
  4252 | D:4      | Killed Edmund
  4463 | D:5      | Entered Level 5 of the Dungeon
  5232 | D:5      | Found a white marble altar of Elyvilon.
  5261 | D:5      | Reached XP level 8. HP: 52/70 MP: 7/7
  5578 | D:5      | Reached skill level 5 in Shields
  6151 | D:6      | Reached XP level 9. HP: 50/79 MP: 8/8
  6166 | D:6      | Reached skill level 10 in Long Blades
  6383 | D:6      | Found a staircase to the Ecumenical Temple.
  6392 | Temple   | Entered the Ecumenical Temple
  6521 | Temple   | Became a worshipper of Warmaster Okawaru
  7323 | D:7      | Reached * piety under Okawaru
  8052 | D:7      | Reached skill level 10 in Armour
  8239 | D:7      | Reached ** piety under Okawaru
  8316 | D:7      | Reached XP level 10. HP: 90/90 MP: 9/9
  8760 | D:8      | Found a staircase to the Lair.
  8933 | D:8      | Noticed a two-headed ogre
  8945 | D:8      | Killed a two-headed ogre
  8945 | D:8      | Reached *** piety under Okawaru
  9826 | D:9      | Found a staircase to the Orcish Mines.
 10041 | D:9      | Reached skill level 10 in Fighting
 10162 | D:9      | Noticed a centaur warrior
 10174 | D:9      | Killed a centaur warrior
 10174 | D:9      | Reached **** piety under Okawaru
 10723 | D:10     | Entered Level 10 of the Dungeon
 11247 | D:10     | Noticed a centaur warrior
 11259 | D:10     | Noticed a cyclops
 11274 | D:10     | Killed a cyclops
 11275 | D:10     | Reached XP level 11. HP: 49/100 MP: 10/10
 11337 | D:10     | Noticed a two-headed ogre
 11350 | D:10     | Killed a two-headed ogre
 11498 | D:10     | Noticed an eight-headed hydra
 11515 | D:10     | Noticed a two-headed ogre
 11528 | D:10     | Killed a two-headed ogre
 11528 | D:10     | Reached ***** piety under Okawaru
 11774 | D:10     | Noticed a two-headed ogre
 11784 | D:10     | Killed a two-headed ogre
 11784 | D:10     | Identified the +1 hat "Kufelen" {Harm rElec rC-} (Okawaru
                  | gifted it to you on level 10 of the Dungeon)
 11784 | D:10     | Received a gift from Okawaru
 11980 | D:10     | Killed an eight-headed hydra
 12087 | D:10     | Killed a centaur warrior
 12222 | D:10     | Reached skill level 1 in Short Blades
 12475 | D:10     | Identified the +1 helmet "Zeytzur" {rCorr Str+4}
 12760 | D:11     | Noticed a two-headed ogre
 12769 | D:11     | Killed a two-headed ogre
 12989 | D:11     | Found a sparkling altar of Nemelex Xobeh.
 12999 | D:11     | Reached skill level 1 in Invocations
 12999 | D:11     | Reached XP level 12. HP: 94/110 MP: 11/11
 13761 | D:11     | Noticed a six-headed hydra
 13773 | D:11     | Killed a six-headed hydra
 13774 | D:11     | Reached skill level 1 in Stealth
 14000 | Lair:1   | Entered Level 1 of the Lair of Beasts
 14378 | Lair:1   | Noticed Erica
 14380 | Lair:1   | Noticed a death yak
 14384 | Lair:1   | Noticed a death yak
 14386 | Lair:1   | Noticed a death yak
 14388 | Lair:1   | Killed Erica
 14391 | Lair:1   | Noticed a death yak
 14409 | Lair:1   | Killed a death yak
 14414 | Lair:1   | Killed a death yak
 14426 | Lair:1   | Killed a death yak
 14436 | Lair:1   | Killed a death yak
 14947 | Lair:2   | Received a gift from Okawaru
 15772 | Lair:2   | Reached skill level 15 in Long Blades
 16665 | Lair:3   | Identified the amulet of Jufy {Spirit Int+4}
 16743 | Lair:3   | Found a hole to the Spider Nest.
 16775 | Lair:3   | Reached ****** piety under Okawaru
 16776 | Lair:3   | Reached XP level 13. HP: 101/119 MP: 13/13
 16971 | Lair:3   | Received a gift from Okawaru
 16983 | Lair:3   | Reached skill level 10 in Shields
 18021 | Lair:4   | Identified the +3 kite shield of Arif {Will- Str+7}
                  | (Okawaru gifted it to you on level 4 of the Lair of Beasts)
 18021 | Lair:4   | Received a gift from Okawaru
 18101 | Lair:4   | Reached skill level 15 in Armour
 18291 | Lair:4   | Found a runed translucent door.
 18292 | Lair:4   | Noticed babelonianboi's ghost (journeyman HOBe)
 18729 | Lair:4   | Found a staircase to the Swamp.
 19006 | Lair:4   | Killed babelonianboi's ghost
 19008 | Lair:4   | Identified the +6 chain mail "Cigaph" {rPois rC- Dex+4
                  | Stlth+}
 19303 | D:12     | Slain by a death knight

Illustrated notes

Levels and vault maps discovered:
D:1:      dpeg_arrival_more_subterranean_lakeside_camping, layout_loops_ring
D:2:      layout_rooms, uniq_terence, uniq_jessica, uniq_crazy_yiuf_cottage
D:3:      layout_basic, st_stairs_7, hangedman_decor_points
D:4:      layout_cave_pools, enter_ossuary_1, hangedman_decor_push, uniq_edmund,
          uniq_blork_the_orc
D:5:      layout_loops_cross, nicolae_overflow_crystal_walls
D:6:      layout_loops_ring, minmay_temple_entry_antechambers,
          hangedman_decor_growths
D:7:      layout_cave_pods
D:8:      layout_cave_pools, lair_entry_dummy, serial_undead, serial_undead_a,
          serial_undead_f, serial_undead_c, serial_undead_d
D:9:      layout_loops_ring, david_orc_2, minmay_stone_trees_medium
D:10:     kennysheep_windowed_halls, layout_loops_ring, minmay_hedge_maze
D:11:     layout_layer_cave, kennysheep_flooded_box
D:12:     layout_basic, nicolae_trove_entry_diagonal
Temple:   kilobyte_greek_temple
Lair:1:   layout_regular_city, minmay_holes, serial_bayou_pond_d, uniq_erica
Lair:2:   layout_cave_pods, serial_bayou_shore_b
Lair:3:   layout_small_grid, nicolae_spider_entry_non_spiders, minivault_25
Lair:4:   layout_roguey, minmay_swamp_entry_worms, serial_forest,
          infiniplex_forest_zigzag_2, infiniplex_forest_clump_cross,
          infiniplex_forest_end_2, infiniplex_forest_clump_cross,
          infiniplex_forest_straight_2, infiniplex_forest_clump_small,
          infiniplex_forest_side_room, infiniplex_forest_corner_1,
          infiniplex_forest_straight_2, gammafunk_ghost_grave, minivault_23,
          minivault_27

Skill      XL: |  1  2  3  4  5  6  7  8  9 10 11 12 13 |
---------------+----------------------------------------+-----
Fighting       | 4 5 6 7 8 10 11 12 13 | 13.6
Long Blades    | 3 4 5 6 8 9 11 13 14 15 | 15.8
Armour         | 4 5 6 7 10 11 12 14 15 | 15.3
Shields        | 4 5 7 8 9 10 | 10.4
Dodging        | 1 2 3 |  3.4
Short Blades   | 1 |  1.8
Invocations    | 1 2 |  2.2
Stealth        | 1 |  1.8

Action                   |  1- 3 |  4- 6 |  7- 9 | 10-12 | 13-15 || total
-------------------------+-------+-------+-------+-------+-------++-------
Melee: Long sword        |    53 |   201 |   273 |   401 |       ||   928
       Headbutt          |     6 |    39 |    67 |   146 |    41 ||   299
       Dagger            |       |       |       |    15 |       ||    15
       Scimitar          |       |       |       |   113 |   173 ||   286
Invok: Heroism           |       |       |     1 |     9 |     1 ||    11
Evoke: Wand              |       |       |       |       |     2 ||     2
  Use: Potion            |     3 |       |       |       |     2 ||     5
       Scroll            |     2 |     3 |     8 |     1 |     1 ||    15
Armor: Scale mail        |    11 |       |       |       |       ||    11
       Chain mail        |     9 |    68 |   143 |    74 |       ||   294
       Plate armour      |       |       |       |   246 |    81 ||   327
Dodge: Dodged            |    23 |    61 |    97 |   196 |    64 ||   441
Block: Buckler           |    12 |    39 |    61 |   156 |    45 ||   313
